DBL
ST. LOUIS CARDINALS @ CHARLOTTE KNIGHTS
04/11/1997
 
TOP OF THE 1ST
St. Louis Cardinals batting - Pitching for Charlotte Knights : RHP Erik Hanson
Pitching: RHP Erik Hanson
Batting: LHB Steve Finley 0-0: Called Strike
0-1: Ball
1-1: Swinging Strike
1-2: Strikes out swinging
Batting: RHB Jay Bell 0-0: Ball
1-0: Ground out 6-3 (Groundball, 6S, EV 75.6 MPH)
Batting: LHB Brian S Giles 0-0: Ball
1-0: Ball
2-0: Called Strike
2-1: Foul Ball, location: 2F
2-2: Strikes out swinging, 2-3 out at first.
Top of the 1st over - 0 runs, 0 hits, 0 errors, 0 left on base; St. Louis 0 - Charlotte 0
BOTTOM OF THE 1ST
Charlotte Knights batting - Pitching for St. Louis Cardinals : LHP Allan Anderson
Pitching: LHP Allan Anderson
Batting: SHB Carl Everett 0-0: Foul Ball, location: 2F
0-1: Ball
1-1: Fly out, F4 (Popup, 34D, EV 63.1 MPH)
Batting: LHB Jason Giambi 0-0: Called Strike
0-1: Fly out, F5 (Flyball, 5D, EV 85.6 MPH)
Batting: RHB Shane Mack 0-0: Swinging Strike
0-1: Ball
1-1: SINGLE (Line Drive, 4D, EV 102.5 MPH)
Batting: RHB Nomar Garciaparra 0-0: Called Strike
0-1: Foul Ball, location: 2F
0-2: Ball
1-2: Foul Ball, location: 2F
1-2: Fly out, F9 (Line Drive, 9, EV 87.5 MPH)
Bottom of the 1st over - 0 runs, 1 hit, 0 errors, 1 left on base; St. Louis 0 - Charlotte 0
TOP OF THE 2ND
St. Louis Cardinals batting - Pitching for Charlotte Knights : RHP Erik Hanson
Batting: RHB Ivan Calderon 0-0: Fly out, F2 (Popup, 23F, EV 92.5 MPH)
Batting: LHB Karim Garcia 0-0: Ball
1-0: Ball
2-0: Called Strike
2-1: Called Strike
2-2: Foul Ball, location: 2F
2-2: Ground out U3 (Groundball, 3L, EV 108.8 MPH)
Batting: RHB John Valentin 0-0: Ball
1-0: Called Strike
1-1: Ball
2-1: Ball
3-1: Base on Balls
Batting: RHB Dickie Thon 0-0: Ground out 4-3 (Groundball, 4, EV 97.5 MPH)
Top of the 2nd over - 0 runs, 0 hits, 0 errors, 1 left on base; St. Louis 0 - Charlotte 0
BOTTOM OF THE 2ND
Charlotte Knights batting - Pitching for St. Louis Cardinals : LHP Allan Anderson
Batting: SHB David Segui 0-0: Called Strike
0-1: Foul Ball, location: 2F
0-2: Ground out 5-3 (Groundball, 56, EV 108.1 MPH)
Batting: RHB Tony Batista 0-0: Ground out 1-3 (Groundball, 15, EV 68.8 MPH)
Batting: RHB Todd Zeile 0-0: Ball
1-0: Ball
2-0: Called Strike
2-1: Foul Ball, location: 2F
2-2: Ball
3-2: Base on Balls
Batting: RHB Ruben Rivera 0-0: Foul Ball, location: 2F
0-1: Ball
1-1: Ball
2-1: Foul Ball, location: 2F
2-2: Fly out, F8 (Flyball, 8LS, EV 88.8 MPH)
Bottom of the 2nd over - 0 runs, 0 hits, 0 errors, 1 left on base; St. Louis 0 - Charlotte 0
TOP OF THE 3RD
St. Louis Cardinals batting - Pitching for Charlotte Knights : RHP Erik Hanson
Batting: RHB Damian Miller 0-0: Called Strike
0-1: Swinging Strike
0-2: Ball
1-2: SINGLE (Groundball, 6MD, EV 96.3 MPH)
Batting: SHB Stan Javier 0-0: Ball
1-0: Bunted foul
1-1: Bunt missed!
1-2: Strikes out swinging
Batting: LHB Steve Finley 0-0: Ball
1-0: Called Strike
1-1: Ball
2-1: 2-RUN HOME RUN (Flyball, 89XD, EV 103.1 MPH), Distance : 395 ft
Batting: RHB Jay Bell 0-0: Foul Ball, location: 2F
0-1: Swinging Strike
0-2: Ball
1-2: Ball
2-2: Foul Ball, location: 2F
2-2: Foul Ball, location: 2F
2-2: Ball
3-2: Strikes out swinging
Batting: LHB Brian S Giles 0-0: Ball
1-0: Foul Ball, location: 2F
1-1: Ball
2-1: Foul Ball, location: 2F
2-2: Ball
3-2: Foul Ball, location: 2F
3-2: Base on Balls
Batting: RHB Ivan Calderon 0-0: Called Strike
0-1: Ball
1-1: Fly out, F8 (Line Drive, 8RM, EV 101.9 MPH)
Top of the 3rd over - 2 runs, 2 hits, 0 errors, 1 left on base; St. Louis 2 - Charlotte 0
BOTTOM OF THE 3RD
Charlotte Knights batting - Pitching for St. Louis Cardinals : LHP Allan Anderson
Batting: SHB Neifi Perez 0-0: Ball
1-0: SINGLE (Groundball, 34D, EV 103.1 MPH)
Batting: SHB Carl Everett 0-0: Ball
1-0: Called Strike
1-1: Fielders Choice at 2nd, 6-4 (Groundball, 56, EV 96.9 MPH)
Batting: LHB Jason Giambi 0-0: Ball
1-0: Called Strike
1-1: Ball
2-1: Foul Ball, location: 2F
2-2: Ball
3-2: Fly out, F8 (Line Drive, 8LM, EV 106.3 MPH)
Batting: RHB Shane Mack 0-0: Ball
1-0: Called Strike
1-1: Fly out, F4 (Popup, 4M, EV 71.3 MPH)
Bottom of the 3rd over - 0 runs, 1 hit, 0 errors, 1 left on base; St. Louis 2 - Charlotte 0
TOP OF THE 4TH
St. Louis Cardinals batting - Pitching for Charlotte Knights : RHP Erik Hanson
Batting: LHB Karim Garcia 0-0: Foul Ball, location: 2F
0-1: Ball
1-1: Ball
2-1: Swinging Strike
2-2: Foul Ball, location: 2F
2-2: Strikes out swinging
Batting: RHB John Valentin 0-0: Ball
1-0: Ball
2-0: Foul Ball, location: 2F
2-1: Foul Ball, location: 2F
2-2: Strikes out swinging
Batting: RHB Dickie Thon 0-0: Ball
1-0: Swinging Strike
1-1: Swinging Strike
1-2: Strikes out swinging
Top of the 4th over - 0 runs, 0 hits, 0 errors, 0 left on base; St. Louis 2 - Charlotte 0
BOTTOM OF THE 4TH
Charlotte Knights batting - Pitching for St. Louis Cardinals : LHP Allan Anderson
Batting: RHB Nomar Garciaparra 0-0: Called Strike
0-1: Ball
1-1: Foul Ball, location: 2F
1-2: Fly out, F6 (Popup, 56, EV 60.0 MPH)
Batting: SHB David Segui 0-0: Ball
1-0: Ball
2-0: Ball
3-0: Base on Balls
Batting: RHB Tony Batista 0-0: Grounds into double play, 4-6-3 (Groundball, 4, EV 103.1 MPH)
Bottom of the 4th over - 0 runs, 0 hits, 0 errors, 0 left on base; St. Louis 2 - Charlotte 0
TOP OF THE 5TH
St. Louis Cardinals batting - Pitching for Charlotte Knights : RHP Erik Hanson
Batting: RHB Damian Miller 0-0: Ball
1-0: Swinging Strike
1-1: Foul Ball, location: 2F
1-2: Foul Ball, location: 2F
1-2: Ball
2-2: Foul Ball, location: 2F
2-2: Ball
3-2: Base on Balls
Batting: SHB Stan Javier 0-0: Ball
1-0: Bunted foul
1-1: Bunt missed!
1-2: Fly out, F9 (Flyball, 9S, EV 87.5 MPH)
Batting: LHB Steve Finley 0-0: Ball
1-0: Ball
2-0: Called Strike
2-1: Ball
3-1: Called Strike
3-2: Base on Balls
Damian Miller to second
Batting: RHB Jay Bell 0-0: Ball
1-0: Ball
2-0: Grounds into double play, 6-4-3 (Groundball, 6, EV 86.3 MPH)
Top of the 5th over - 0 runs, 0 hits, 0 errors, 1 left on base; St. Louis 2 - Charlotte 0
BOTTOM OF THE 5TH
Charlotte Knights batting - Pitching for St. Louis Cardinals : LHP Allan Anderson
Batting: RHB Todd Zeile 0-0: Ball
1-0: Ball
2-0: Ball
3-0: Called Strike
3-1: Called Strike
3-2: Ground out 5-3 (Groundball, 56, EV 103.1 MPH)
Batting: RHB Ruben Rivera 0-0: Ball
1-0: Called Strike
1-1: Ball
2-1: Ball
3-1: Called Strike
3-2: Fly out, F5 (Line Drive, 5, EV 67.5 MPH)
Batting: SHB Neifi Perez 0-0: Ground out 6-3 (Groundball, 6, EV 85.0 MPH)
Bottom of the 5th over - 0 runs, 0 hits, 0 errors, 0 left on base; St. Louis 2 - Charlotte 0
TOP OF THE 6TH
St. Louis Cardinals batting - Pitching for Charlotte Knights : RHP Erik Hanson
Batting: LHB Brian S Giles 0-0: Ball
1-0: Foul Ball, location: 2F
1-1: Fly out, F8 (Flyball, 78D, EV 88.8 MPH)
Batting: RHB Ivan Calderon 0-0: Fly out, F8 (Line Drive, 8RM, EV 95.6 MPH)
Batting: LHB Karim Garcia 0-0: TRIPLE (Line Drive, 78XD, EV 100.0 MPH)
Batting: RHB John Valentin 0-0: Ball
1-0: Foul Ball, location: 2F
1-1: Swinging Strike
1-2: Ball
2-2: Ground out 5-3 (Groundball, 56S, EV 93.1 MPH)
Top of the 6th over - 0 runs, 1 hit, 0 errors, 1 left on base; St. Louis 2 - Charlotte 0
BOTTOM OF THE 6TH
Charlotte Knights batting - Pitching for St. Louis Cardinals : LHP Allan Anderson
Batting: SHB Carl Everett 0-0: Ball
1-0: Ball
2-0: Called Strike
2-1: Ball
3-1: Ground out 5-3 (Groundball, 56S, EV 64.4 MPH)
Batting: LHB Jason Giambi 0-0: Bunt for hit to 13S - play at first, batter OUT! 1-3
Batting: RHB Shane Mack 0-0: Foul Ball, location: 2F
0-1: Ball
1-1: Fly out, F9 (Flyball, 9, EV 90.0 MPH)
Bottom of the 6th over - 0 runs, 0 hits, 0 errors, 0 left on base; St. Louis 2 - Charlotte 0
TOP OF THE 7TH
St. Louis Cardinals batting - Pitching for Charlotte Knights : RHP Erik Hanson
Pitching: RHP Matt Mantei
Batting: RHB Dickie Thon 0-0: Fly out, F7 (Line Drive, 7, EV 110.0 MPH)
Batting: RHB Damian Miller 0-0: Ball
1-0: Called Strike
1-1: Swinging Strike
1-2: Ball
2-2: Ball
3-2: Strikes out swinging
Batting: SHB Stan Javier 0-0: Called Strike
0-1: Ball
1-1: Swinging Strike
1-2: Ground out 6-3 (Groundball, 6, EV 91.3 MPH)
Top of the 7th over - 0 runs, 0 hits, 0 errors, 0 left on base; St. Louis 2 - Charlotte 0
BOTTOM OF THE 7TH
Charlotte Knights batting - Pitching for St. Louis Cardinals : LHP Allan Anderson
Batting: RHB Nomar Garciaparra 0-0: Called Strike
0-1: Ball
1-1: Ground out U3 (Groundball, 34, EV 85.0 MPH)
Batting: SHB David Segui 0-0: Ball
1-0: Ball
2-0: Ground out 4-3 (Groundball, 4M, EV 78.1 MPH)
Batting: RHB Tony Batista 0-0: Ball
1-0: Ball
2-0: Foul Ball, location: 2F
2-1: Fly out, F3 (Popup, 23F, EV 81.3 MPH)
Bottom of the 7th over - 0 runs, 0 hits, 0 errors, 0 left on base; St. Louis 2 - Charlotte 0
TOP OF THE 8TH
St. Louis Cardinals batting - Pitching for Charlotte Knights : RHP Matt Mantei
Batting: LHB Steve Finley 0-0: Called Strike
0-1: Foul Ball, location: 2F
0-2: Ball
1-2: Ball
2-2: Ball
3-2: Fly out, F6 (Popup, 6M, EV 60.0 MPH)
Batting: RHB Jay Bell 0-0: Foul Ball, location: 2F
0-1: Ball
1-1: Swinging Strike
1-2: Strikes out swinging
Batting: LHB Brian S Giles 0-0: Called Strike
0-1: Ball
1-1: Ball
2-1: Called Strike
2-2: Ball
3-2: Base on Balls
Batting: RHB Ivan Calderon 0-0: Called Strike
0-1: Ball
1-1: Called Strike
1-2: Ball
2-2: Ball
3-2: Base on Balls
Brian S Giles to second
Pitching: LHP Eric Hillman
Batting: LHB Karim Garcia 0-0: Called Strike
0-1: Fly out, F9 (Flyball, 9LS, EV 73.8 MPH)
Top of the 8th over - 0 runs, 0 hits, 0 errors, 2 left on base; St. Louis 2 - Charlotte 0
BOTTOM OF THE 8TH
Charlotte Knights batting - Pitching for St. Louis Cardinals : LHP Allan Anderson
Batting: RHB Todd Zeile 0-0: Ball
1-0: Ball
2-0: Ball
3-0: Called Strike
3-1: Foul Ball, location: 2F
3-2: SINGLE (Groundball, 6MD, EV 93.8 MPH)
Batting: RHB Ruben Rivera 0-0: Called Strike
0-1: Ground out 4-3 (Groundball, 4S, EV 85.6 MPH)
Todd Zeile to second
Batting: SHB Neifi Perez 0-0: Ball
1-0: Swinging Strike
1-1: Ball
2-1: Swinging Strike
2-2: Foul Ball, location: 2F
2-2: Ball
3-2: SINGLE (Groundball, 4MD, EV 101.3 MPH)
Todd Zeile to third
Runner from 3rd tries for Home, SAFE, no throw by CF
Pitching: RHP Mariano Rivera
Batting: SHB Carl Everett 0-0: Ball
1-0: Ball
2-0: Ball
3-0: Called Strike
3-1: Called Strike
3-2: Fielders Choice at 2nd, 1-6 (Groundball, 34S, EV 88.1 MPH)
Batting: LHB Jason Giambi 0-0: Called Strike
0-1: Foul Ball, location: 2F
0-2: Hit by Pitch
Carl Everett to second
Batting: RHB Shane Mack 0-0: Ball
1-0: SINGLE (Groundball, 5D, EV 106.9 MPH)
Carl Everett to third
Jason Giambi to second
Runner from 3rd tries for Home, SAFE, no throw by LF
Batting: RHB Nomar Garciaparra 0-0: Ball
1-0: Fly out, F9 (Flyball, 9D, EV 97.5 MPH)
Bottom of the 8th over - 2 runs, 3 hits, 0 errors, 2 left on base; St. Louis 2 - Charlotte 2
TOP OF THE 9TH
St. Louis Cardinals batting - Pitching for Charlotte Knights : LHP Eric Hillman
Pitching: RHP Tim Burke
Batting: RHB John Valentin 0-0: Foul Ball, location: 2F
0-1: Ball
1-1: Ball
2-1: Foul Ball, location: 2F
2-2: Fly out, F8 (Flyball, 89D, EV 85.0 MPH)
Pinch Hitting: LHB Troy Neel 0-0: Ground out 4-3 (Groundball, 4, EV 101.9 MPH)
Batting: RHB Damian Miller 0-0: Ball
1-0: Ball
2-0: Foul Ball, location: 2F
2-1: Swinging Strike
2-2: Ball
3-2: Foul Ball, location: 2F
3-2: Base on Balls
Batting: SHB Stan Javier 0-0: Called Strike
0-1: Ball
1-1: Fly out, F8 (Flyball, 8RM, EV 92.5 MPH)
Top of the 9th over - 0 runs, 0 hits, 0 errors, 1 left on base; St. Louis 2 - Charlotte 2
BOTTOM OF THE 9TH
Charlotte Knights batting - Pitching for St. Louis Cardinals : RHP Mariano Rivera
Now at 2B: Mike Benjamin
Batting: SHB David Segui 0-0: Swinging Strike
0-1: Called Strike
0-2: Ball
1-2: Foul Ball, location: 2F
1-2: Ball
2-2: Strikes out looking
Batting: RHB Tony Batista 0-0: Called Strike
0-1: Foul Ball, location: 2F
0-2: Strikes out looking
Batting: RHB Todd Zeile 0-0: Ball
1-0: Fly out, F8 (Line Drive, 8RD, EV 92.5 MPH)
Bottom of the 9th over - 0 runs, 0 hits, 0 errors, 0 left on base; St. Louis 2 - Charlotte 2
TOP OF THE 10TH
St. Louis Cardinals batting - Pitching for Charlotte Knights : RHP Tim Burke
Batting: LHB Steve Finley 0-0: Called Strike
0-1: Called Strike
0-2: Fly out, F9 (Flyball, 9LDF, EV 105.0 MPH)
Batting: RHB Jay Bell 0-0: Foul Ball, location: 2F
0-1: Ball
1-1: Ball
2-1: Foul Ball, location: 2F
2-2: Foul Ball, location: 2F
2-2: Strikes out looking
Batting: LHB Brian S Giles 0-0: Ball
1-0: Swinging Strike
1-1: Swinging Strike
1-2: Foul Ball, location: 2F
1-2: Ball
2-2: Foul Ball, location: 2F
2-2: Ball
3-2: Fly out, F8 (Flyball, 78D, EV 81.3 MPH)
Top of the 10th over - 0 runs, 0 hits, 0 errors, 0 left on base; St. Louis 2 - Charlotte 2
BOTTOM OF THE 10TH
Charlotte Knights batting - Pitching for St. Louis Cardinals : RHP Mariano Rivera
Pinch Hitting: SHB Orlando Merced 0-0: Called Strike
0-1: DOUBLE (Line Drive, 8RXD, EV 103.1 MPH)
Pitching: RHP Steve Chitren
Batting: SHB Neifi Perez 0-0: Ball
1-0: Bunt missed!
1-1: Ball
2-1: Bunted foul
2-2: Foul Ball, location: 2F
2-2: Ground out U3 (Groundball, 34, EV 88.8 MPH)
Orlando Merced to third
Batting: SHB Carl Everett 0-0: Ball
1-0: Called Strike
1-1: Ball
2-1: Swinging Strike
2-2: Strikes out swinging
Batting: LHB Jason Giambi 0-0: Intentional Walk
Batting: RHB Shane Mack 0-0: 3-RUN HOME RUN (Flyball, 7D, EV 102.5 MPH), Distance : 375 ft
Monday, January 26th, 2026 - OOTP Baseball 20.8 Build 74